 Dungeon Crawl Stone Soup version 0.28.0-1-gb440e238dd (webtiles) character file.

Game seed: 12063109936820886661

30 spaghetti the Sneak (level 3, 0/29 HPs)
             Began as a Demonspawn Delver on Feb 20, 2022.
             Succumbed to Ijyb's poison
             ... on level 4 of the Dungeon.
             The game lasted 00:00:57 (241 turns).

spaghetti the Sneak (Demonspawn Delver)              Turns: 241, Time: 00:00:58

Health: 0/29       AC:  5    Str: 14    XL:     3   Next: 3%
Magic:  3/3        EV: 11    Int: 11    God:
Gold:   0          SH:  0    Dex: 14    Spells: 2/2 levels left

rFire   . . .      SeeInvis .   a - +2 rapier (distort)
rCold   . . .      Faith    .   (no shield)
rNeg    . . .      Spirit   .   i - +0 leather armour
rPois   .          Reflect  .   (helmet restricted)
rElec   .          Harm     .   (no cloak)
rCorr   .          Rampage  .   (no gloves)
Will    .....                   (no boots)
Stlth   ++........              (no amulet)
HPRegen 0.09/turn               (no ring)
MPRegen 0.08/turn               (no ring)

@: lethally poisoned (0 -> -6)
A: horns 1, thin metallic scales 1
a: no special abilities


You were on level 4 of the Dungeon.
You visited 1 branch of the dungeon, and saw 2 of its levels.

Inventory:

Hand Weapons
 a - a +2 rapier of distortion (weapon)
 h - a +0 hand axe
Missiles
 b - 76 stones (quivered)
Armour
 i - a +0 leather armour (worn)
Wands
 g - a wand of digging (3)
Scrolls
 c - a scroll of fog
 d - a scroll of magic mapping
Potions
 f - a potion of haste


   Skills:
 - Level 3.0 Fighting
 + Level 2.4 Short Blades
 - Level 1.7 Axes
 - Level 1.7 Dodging
 - Level 4.5 Stealth


You had 2 spell levels left.
You didn't know any spells.
Your spell library was empty.

Dungeon Overview and Level Annotations

Branches:
Dungeon (5/15)
 Temple: D:4-7

Altars:

Annotations:
D:4 Ijyb


Innate Abilities, Weirdness & Mutations

You have a pair of small horns on your head.
You are partially covered in thin metallic scales. (AC +2)


Message History

You closely miss Ijyb. You headbutt Ijyb, but do no damage.
Ijyb is heavily wounded.
You feel very sick. Ijyb barely misses you.
You hit Ijyb.
Space warps around Ijyb.
Your headbutt misses Ijyb.
Ijyb is severely wounded.
You feel very sick. Ijyb hits you but does no damage.
You are more poisoned.
You closely miss Ijyb.
Ijyb is severely wounded.
You feel very sick. Ijyb misses you.
You are too injured to fight recklessly!
You are too injured to fight recklessly!
You are too injured to fight recklessly!
You miss Ijyb. Your headbutt misses Ijyb.
Ijyb is severely wounded.
You feel very sick. Ijyb hits you but does no damage.
You are lethally poisoned!
Okay, then.
As you read the scroll of fear, it crumbles to dust.
You assume a fearsome visage.
Ijyb looks frightened!
* * * LOW HITPOINT WARNING * * *
You feel very sick.
You are lethally poisoned (7 -> -5).
Your movement speed is average.
Your attack delay is about 1.0.
Okay, then.
Okay, then.
Okay, then.
* * * LOW HITPOINT WARNING * * *
You feel very sick.
Found a whip.
* * * LOW HITPOINT WARNING * * *
You feel sick.
* * * LOW HITPOINT WARNING * * *
You feel sick.
Found 8 gold pieces.
You die...

$... #..# #
######..# )#
.....#..##.###
...........
.......##
#.g#...##
#.@.....#.
#..!......
#.......##
##........
#....####
#...## #).##
#..#
####..######


You could see Ijyb (fleeing).

Vanquished Creatures
  An adder (D:5)
  An adder zombie (D:5)
  An orc (D:5)
  An endoplasm (D:4)
4 creatures vanquished.

Notes
Turn   | Place    | Note
-------+----------+-------------------------------------------
     0 | D:5      | spaghetti the Demonspawn Delver began the quest for the
                  | Orb.
     0 | D:5      | Reached XP level 1. HP: 18/18 MP: 1/1
    59 | D:5      | Reached skill level 1 in Short Blades
   151 | D:5      | Gained mutation: You have a pair of small horns on your
                  | head. [demonic ancestry]
   151 | D:5      | Reached XP level 2. HP: 24/24 MP: 2/2
   167 | D:5      | Gained mutation: You are partially covered in thin metallic
                  | scales. (AC +2) [demonic ancestry]
   167 | D:5      | Reached XP level 3. HP: 29/29 MP: 3/3
   224 | D:4      | Noticed Ijyb
   226 | D:4      | Identified the +5 mace of Hacking and Slashing {protect,
                  | Fragile rElec Will++ Stlth+}
   240 | D:4      | HP: 1/29 [poisoned by Ijyb]
   241 | D:4      | Succumbed to Ijyb's poison

Illustrated notes

Levels and vault maps discovered:
D:4:      layout_loops_ring, uniq_pikel, uniq_menkaure, uniq_ijyb
D:5:      layout_basic, serial_shops, nicolae_take_the_stairs,
          nicolae_shop_self_help

Skill      XL: |  1  2 |
---------------+-------+-----
Short Blades   | 1 2 |  2.4
Fighting       | |  3.0
Axes           | |  1.7
Dodging        | |  1.7
Stealth        | |  4.5

Action                   || total
-------------------------++-------
Melee: Rapier            ||    18
       Punch             ||     1
       Headbutt          ||     2
Throw: Stone             ||     2
  Use: Scroll            ||     1
Armor: Leather armour    ||     5
Dodge: Dodged            ||     6
